 Dungeon Crawl Stone Soup version 0.18-a0-1677-g2bdad6c (webtiles) character file.

208 4thArraOfDagon the Chopper (level 5, 10/46 HPs)
             Began as a Hill Orc Gladiator on Apr 2, 2016.
             Quit the game on level 6 of the Dungeon.
             The game lasted 00:02:17 (436 turns).

4thArraOfDagon the Chopper (Hill Orc Gladiator)      Turns: 436, Time: 00:02:18

Health: 10/46      AC:  5    Str: 18    XL:     5   Next: 86%
Magic:  5/5        EV: 12    Int:  9    God:
Gold:   54         SH:  0    Dex: 11    Spells: 0 memorised, 4 levels left

rFire  . . .     SeeInvis .     a - +0 war axe
rCold  . . .     Gourm    .     b - +0 leather armour
rNeg   . . .     Faith    .     (no shield)
rPois  .         Spirit   .     c - +0 helmet
rElec  .         Dismiss  .     (no cloak)
rCorr  .         Reflect  .     (no gloves)
SustAt .         Harm     +     h - +0 pair of boots
MR     .....                    m - amulet of harm
Stlth  +.........               (no ring)
                                (no ring)

@: lethally poisoned (10 -> -1), not resistant to hostile enchantments, very
unstealthy
A: no striking features
a: no special abilities


You were on level 6 of the Dungeon.
You were not hungry.

You visited 1 branch of the dungeon, and saw 6 of its levels.

You collected 54 gold pieces.

Inventory:

Hand Weapons
 a - a +0 war axe (weapon)
 o - a +0 blowgun
Missiles
 p - 9 poisoned needles
Armour
 b - a +0 leather armour (worn)
 c - a +0 helmet (worn)
 h - a +0 pair of boots (worn)
Jewellery
 j - an uncursed ring of fire
 m - an amulet of harm (around neck)
Scrolls
 e - a scroll of fear {unknown}
 k - a scroll of identify {unknown}
 l - a scroll of magic mapping {unknown}
 q - a scroll of blinking {unknown}
 r - a scroll of enchant armour {unknown}
 s - 3 scrolls of immolation {unknown}
Comestibles
 f - 2 bread rations
 g - a slice of pizza
 n - 3 fruits


   Skills:
 + Level 4.1 Fighting
 * Level 6.7 Axes
 - Level 1.7 Throwing
 + Level 3.2 Dodging


You had 4 spell levels left.
You didn't know any spells.

Dungeon Overview and Level Annotations

Branches:
Dungeon (6/15)
 Temple: D:4-7

Altars:

Annotations:
D:5 Sigmund
D:6 Menkaure


Message History

You closely miss the shadow imp.
The shadow imp is heavily wounded.
You feel sick.
The giant frog hits you but does no damage.
The adder bites you. The shadow imp barely misses you.
You hit the adder.
The adder is lightly wounded.
You hit the shadow imp.
You kill the shadow imp!
Your Fighting skill increases to level 4!
You closely miss the giant frog.
The giant frog is moderately wounded.
You feel sick. The giant frog closely misses you. The adder barely misses you.
The giant frog hits you.
* * * LOW HITPOINT WARNING * * *
The adder bites you.
* * * LOW HITPOINT WARNING * * *
You are lethally poisoned!
The adder poisons you!
Are you sure you want to abandon this character and quit the game? (Confirm with "yes".)

.. ...# ....# . .....#
######## ... ##....#
##.<..S.##....#
.......###..####@F......
........#...# #........
..........### .........
........#..# #.........
........##...##.........
.....$..# ##.##.........
......... ..$.........
......... ...........
........#. ..


You could see a giant frog and an adder.

Vanquished Creatures
  An ogre (D:4)
  A crimson imp (D:5)
  An iguana (D:5)
  A worker ant (D:5)
  2 adders (D:3)
  A shadow imp (D:6)
  An adder zombie (D:5)
  A giant cockroach (D:3)
  A goblin (D:1)
  2 jackals (D:5)
  2 kobolds
  2 bats (D:1)
16 creatures vanquished.

Notes
Turn   | Place    | Note
--------------------------------------------------------------
     0 | D:1      | 4thArraOfDagon the Hill Orc Gladiator began the quest for the Orb.
     0 | D:1      | Reached XP level 1. HP: 18/18 MP: 1/1
     0 | D:1      | MEH
   182 | D:3      | Reached XP level 2. HP: 25/25 MP: 2/2
   229 | D:3      | Reached skill level 5 in Axes
   229 | D:3      | Reached XP level 3. HP: 27/30 MP: 3/3
   258 | D:4      | Noticed an ogre
   264 | D:4      | Killed an ogre
   264 | D:4      | Reached XP level 4. HP: 38/38 MP: 4/4
   300 | D:5      | Entered Level 5 of the Dungeon
   310 | D:5      | Reached skill level 6 in Axes
   310 | D:5      | Reached XP level 5. HP: 38/45 MP: 5/5
   394 | D:5      | Noticed an ogre
   398 | D:5      | Noticed Sigmund
   420 | D:6      | Noticed Menkaure
   436 | D:6      | Quit the game

Vault maps used:
D:1:      ldierk_water_garden, serial_park_tiny_2
D:2:      kennysheep_goblin_castle, okawaru_gym_becter, first_bread
D:4:      vehumet_altar_wand_db, uniq_edmund
D:5:      lemuel_coloured_pillars_altar, kennysheep_mini_moat, uniq_sigmund
D:6:      tso_oasis_becter, grunt_temple_overflow_diamond, serial_shops, shop,
          uniq_menkaure, uniq_eustachio

Skill      XL: |  1  2  3  4  5 |
---------------+----------------+-----
Axes           | 5 6 |  6.7
Fighting       | 3 4 |  4.1
Dodging        | 3 |  3.2
Throwing       | |  1.7

Action                   |  1- 3 |  4- 6 || total
-------------------------+-------+-------++-------
Melee: War axe           |    20 |    25 ||    45
Throw: Throwing net      |     4 |     6 ||    10
  Use: Potion            |       |     1 ||     1
 Stab: Held in net/web   |       |     2 ||     2
